 Dungeon Crawl Stone Soup version 0.18.1-48-g4cf74bf (webtiles) character file.

87510 manon the Executioner (level 15, -10/138 HPs)
             Began as a Minotaur Berserker on July 17, 2016.
             Was a High Priest of Trog.
             Killed from afar by a manticore (22 damage)
             ... with a volley of spikes
             ... on level 15 of the Dungeon on July 19, 2016.
             The game lasted 02:19:06 (22723 turns).

manon the Executioner (Minotaur Berserker)         Turns: 22723, Time: 02:19:07

Health: -10/138    AC: 23    Str: 27    XL:     15   Next: 43%
Magic:  14/14      EV:  9    Int:  6    God:    Trog [*****.]
Gold:   1618       SH:  6    Dex: 10    Spells: 0 memorised, 14 levels left

rFire  + + +     SeeInvis +     a - +1 broad axe (elec)
rCold  + . .     Gourm    .     G - +0 plate armour
rNeg   + . .     Faith    .     j - +0 buckler
rPois  .         Spirit   .     e - +0 hat
rElec  +         Dismiss  .     (no cloak)
rCorr  +         Reflect  .     y - +2 pair of gloves of Terror {rElec rN+ rCorr}
SustAt .         Harm     .     C - +0 pair of boots
MR     +....                    (no amulet)
Stlth  ..........               W - ring of the Dolphin {rElec rF+++ rC+ Int-3 SInv}
                                B - +4 ring of strength

@: manticore barbs, somewhat resistant to hostile enchantments, extremely
unstealthy
A: retaliatory headbutt, horns 2, talons 1, yellow scales 1, fire resistance 1,
wild magic 1, evolution 1
a: Berserk, Trog's Hand, Brothers in Arms, Burn Spellbooks, Renounce Religion


You were on level 15 of the Dungeon.
You worshipped Trog.
Trog was extremely pleased with you.
You were not hungry.

You visited 4 branches of the dungeon, and saw 25 of its levels.
You also visited: Ice Cave.

You collected 1618 gold pieces.

Inventory:

Hand Weapons
 a - a +1 broad axe of electrocution (weapon)
 D - a +0 morningstar
Missiles
 n - 7 steel javelins
 H - 4 throwing nets
 J - 3 tomahawks (quivered)
Armour
 e - a +0 hat (worn)
 j - a +0 buckler (worn)
 y - the +2 pair of gloves of Terror (worn) {rElec rN+ rCorr}
   (You found it on level 15 of the Dungeon)

   It insulates you from electricity.
   It protects you from negative energy.
   It protects you from acid and corrosion.
 C - a +0 pair of boots (worn)
 G - a +0 plate armour (worn)
Rods
 R - a +3 rod of inaccuracy (13/13)
   (You found it on level 5 of the Lair of Beasts)
Jewellery
 B - a +4 ring of strength (left hand)
 W - the ring of the Dolphin (right hand) {rElec rF+++ rC+ Int-3 SInv}
   (You found it on level 1 of the Lair of Beasts)

   [ring of protection from cold]

   It affects your intelligence (-3).
   It renders you almost immune to fire.
   It protects you from cold.
   It insulates you from electricity.
   It lets you see invisible.
Wands
 f - a wand of lightning (7/15)
 N - a wand of heal wounds (6/9)
 Y - a wand of teleportation (4/9)
Scrolls
 d - 10 scrolls of remove curse
 l - 7 scrolls of teleportation
 p - 6 scrolls of recharging
 v - 2 scrolls of random uselessness {unknown}
 w - 4 scrolls of enchant weapon {unknown}
 I - a scroll of torment {unknown}
 L - a scroll of silence {unknown}
 P - 3 scrolls of fear
 Q - 2 scrolls of fog {unknown}
 S - 2 scrolls of blinking {unknown}
 T - 2 scrolls of acquirement {unknown}
 V - 3 scrolls of magic mapping {unknown}
 X - 3 scrolls of brand weapon {unknown}
 Z - 4 scrolls of enchant armour
Potions
 b - 2 potions of brilliance
 g - 3 potions of heal wounds {unknown}
 h - 5 potions of agility
 k - 5 potions of cancellation
 o - 3 potions of cure mutation
 q - a potion of lignification {unknown}
 r - 3 potions of flight
 u - a potion of resistance {unknown}
 z - 8 potions of curing
 A - 3 potions of invisibility
 M - 2 potions of mutation {unknown}
 O - 2 potions of might {unknown}
Miscellaneous
 i - a lamp of fire
 m - a plain deck of defence
 t - a sack of spiders
 F - a phial of floods
Comestibles
 c - 14 bread rations
 s - a beef jerky
 E - 10 meat rations
 K - 6 royal jellies


   Skills:
 + Level 14.2 Fighting
 + Level 21.1 Axes
 - Level 5.0 Throwing
 + Level 13.8 Armour
 - Level 2.1 Dodging
 + Level 12.0 Shields


You had 14 spell levels left.
You didn't know any spells.

Dungeon Overview and Level Annotations

Branches:
Dungeon (15/15)              Lair (8/8) D:11         Shoals (0/4) Lair:6
 Spider (1/4) Lair:6        Slime (0/6) Lair:6          Orc (1/2) D:12
 Vaults (0/5) D:13
 Temple: D:4-7       Depths: D:15

Altars:
Elyvilon
Kikubaaqudgha
Makhleb
Nemelex Xobeh
Okawaru
Qazlal
Sif Muna
Xom
Zin
The Shining One
Jiyva

Annotations:
D:4 Eustachio
D:5 exclusion: centaur
Lair:6 1 runed door


Innate Abilities, Weirdness & Mutations

You reflexively headbutt those who attack you in melee.
You have a pair of horns on your head.
You have sharp toenails.
You are partially covered in yellow scales (AC +2).
Your flesh is heat resistant.
Your spells are a little harder to cast, but a little more powerful.
You evolve.


Message History

The barbed spikes become lodged in your body.
* * * LOW HITPOINT WARNING * * *
Throwing (i - inventory. (,) - cycle):
J - 5 tomahawks (quivered)
Press: ? - help, Shift-Dir - straight line, f/p - manticore
Aim: a manticore You throw a tomahawk.
The tomahawk hits the manticore!
The manticore is lightly wounded.
The manticore flicks its tail.
The volley of spikes hits you!
The barbed spikes become lodged in your body.
* * * LOW HITPOINT WARNING * * *
Throwing (i - inventory. (,) - cycle):
J - 4 tomahawks (quivered)
Press: ? - help, Shift-Dir - straight line, f/p - manticore
Aim: a manticore (lightly wounded)
You throw a tomahawk. The tomahawk hits the manticore!
The manticore is moderately wounded.
The manticore flicks its tail.
The volley of spikes hits you!
The barbed spikes become lodged in your body.
You die...

#.# #.# ..... #.# ##...##
#.# #.....# #.# #...(. #.#
.H.. #.# #.( #.#
#(#####.#..
#.#######@........# ###
#.)....)†######.... ....
########†############..###
#............^.....
###################


You could see a manticore.

Vanquished Creatures
  Maud (Lair:3)
  A salamander stormcaller (D:9)
  Snorg (D:12)
  Josephine (Lair:7)
  4 vault guards (D:13)
  An ettin (Orc:1)
  3 hydras
  3 catoblepae
  2 centaur warriors
  Erica (D:8)
  A queen ant (Lair:3)
  A deep troll shaman (Lair:8)
  3 death yaks (Lair:8)
  Urug (Lair:3)
  3 skeletal warriors (D:15)
  3 unseen horrors
  A wizard (D:13)
  3 hill giants
  A lindwurm (Lair:8)
  Pikel (D:4)
  18 ugly things
  The ghost of Rationalist the Shield-Bearer, a novice FoFi of Qazlal (D:6)
  An oklob plant (Lair:1)
  4 wolf spiders (Spider:1)
  3 cyclopes
  A hornet (Spider:1)
  3 manticores
  21 elephants
  A black mamba (Lair:7)
  A siren (Lair:6)
  3 ice statues
  Psyche (D:11)
  A torpor snail (Lair:1)
  9 spiny frogs
  4 gargoyles
  A kobold demonologist (D:13)
  4 rime drakes
  7 komodo dragons
  7 ice devils (IceCv)
  3 jumping spiders (Spider:1)
  3 polar bears (Lair:8)
  6 trolls
  A two-headed ogre (D:9)
  A boulder beetle (Lair:5)
  10 blink frogs
  2 tarantellas
  A vampire (D:15)
  3 wraiths
  2 basilisks
  2 wyverns
  44 yaks
  A hungry ghost (D:15)
  A yak (shapeshifter) (D:14)
  Grum (D:8)
  12 hippogriffs
  2 vampire mosquitoes (D:13)
  A mottled dragon (D:15)
  20 soldier ants (Lair:3)
  13 water moccasins
  5 porcupines
  5 orc warriors
  4 sky beasts
  A slave (D:3)
  A black bear (D:11)
  2 phantoms
  4 ice beasts
  7 ogres
  2 wasps
  5 centaurs
  4 wolves
  16 crocodiles
  4 big kobolds
  13 giant frogs
  Blork the orc (D:8)
  4 scorpions
  A wyvern skeleton (D:8)
  10 killer bees
  10 wights
  5 howler monkeys
  An electric eel (Lair:4)
  7 crimson imps
  A giant frog zombie (D:12)
  8 jellies
  10 orc priests
  6 hounds
  A giant frog skeleton (D:12)
  6 iguanas
  Jessica (D:2)
  8 centaur skeletons
  14 orc wizards
  28 worker ants
  17 sheep
  2 killer bee zombies
  A hound zombie (D:10)
  3 worker ant zombies
  6 gnolls
  19 adders
  19 river rats
  4 shadow imps
  9 white imps (IceCv)
  6 ufetubi (IceCv)
  6 oozes
  2 adder skeletons
  A worm (D:2)
  6 dart slugs
  4 giant geckos
  45 orcs
  A ball python (D:2)
  3 giant cockroaches
  8 goblins
  8 hobgoblins
  7 jackals
  27 kobolds
  5 quokkas
  5 bats
  2 giant newts
  A quokka skeleton (D:4)
  8 rats
  5 fungi
  A plant (Lair:8)
682 creatures vanquished.

Vanquished Creatures (collateral kills)
  Erolcha (D:9)
  A death knight (D:15)
  A catoblepas (Lair:8)
  A death yak (Lair:8)
  2 skeletal warriors (D:15)
  A hill giant (D:12)
  2 ugly things
  A manticore (D:12)
  A cyclops (D:15)
  Joseph (D:8)
  2 freezing wraiths (D:15)
  A troll (D:12)
  A polar bear (Lair:8)
  A blink frog (Lair:5)
  A two-headed ogre (D:12)
  A giant leech (shapeshifter) (D:12)
  A wraith (Lair:7)
  A basilisk (Lair:5)
  A hippogriff (D:11)
  An orc warrior (D:11)
  4 wolves
  A crocodile (Lair:7)
  3 giant frogs
  A killer bee (D:11)
  2 howler monkeys (D:8)
  A crimson imp (D:11)
  An orc priest (D:11)
  2 adders (D:8)
  2 orcs
40 creatures vanquished.

Vanquished Creatures (others)
  An orc wizard (D:13)
  2 ufetubi (IceCv)
  An orc (Orc:1)
  21 fungi
  8 plants
33 creatures vanquished.

Grand Total: 755 creatures vanquished

Notes
Turn   | Place    | Note
--------------------------------------------------------------
     0 | D:1      | manon the Minotaur Berserker began the quest for the Orb.
     0 | D:1      | Reached XP level 1. HP: 19/19 MP: 0/0
   108 | D:1      | Reached skill level 4 in Axes
   223 | D:1      | Reached XP level 2. HP: 26/27 MP: 1/1
   763 | D:1      | Reached skill level 5 in Axes
   842 | D:2      | Reached XP level 3. HP: 29/33 MP: 2/2
  1108 | D:2      | Reached ** piety under Trog
  1124 | D:2      | Noticed Jessica
  1130 | D:2      | Killed Jessica
  1130 | D:2      | Reached skill level 6 in Axes
  1130 | D:2      | Reached XP level 4. HP: 40/40 MP: 3/3
  1276 | D:2      | Found a sparkling altar of Nemelex Xobeh.
  1686 | D:3      | Reached skill level 7 in Axes
  1686 | D:3      | Reached XP level 5. HP: 27/46 MP: 4/4
  2008 | D:3      | Reached *** piety under Trog
  2239 | D:3      | Reached skill level 8 in Axes
  2244 | D:3      | Reached XP level 6. HP: 51/52 MP: 5/5
  2541 | D:4      | Found a burning altar of Makhleb.
  2642 | D:4      | Reached skill level 9 in Axes
  2909 | D:4      | Noticed a slave
  2909 | D:4      | Noticed a slave
  2910 | D:4      | Noticed a slave
  2931 | D:3      | Killed a slave
  3063 | D:4      | Noticed Pikel
  3063 | D:4      | Noticed a slave
  3069 | D:4      | Killed Pikel
  3069 | D:4      | Reached skill level 11 in Axes
  3069 | D:4      | Reached XP level 7. HP: 58/58 MP: 6/6
  3217 | D:4      | Noticed Eustachio
  3220 | D:5      | Entered Level 5 of the Dungeon
  3329 | D:5      | Reached skill level 1 in Shields
  3329 | D:5      | Reached XP level 8. HP: 40/66 MP: 7/7
  3329 | D:5      | Reached **** piety under Trog
  3446 | D:5      | Found an ancient bone altar of Kikubaaqudgha.
  3652 | D:5      | Found a glowing golden altar of the Shining One.
  3653 | D:5      | Found a deep blue altar of Sif Muna.
  3653 | D:5      | Found an iron altar of Okawaru.
  3655 | D:5      | Found a glowing silver altar of Zin.
  3657 | D:5      | Found a burning altar of Makhleb.
  4077 | D:6      | Noticed Rationalist's ghost (novice FoFi)
  4084 | D:6      | Killed Rationalist's ghost
  4084 | D:6      | Reached skill level 12 in Axes
  4344 | D:6      | Reached skill level 13 in Axes
  4441 | D:7      | Reached XP level 9. HP: 54/71 MP: 8/8
  4698 | D:7      | Reached skill level 14 in Axes
  4704 | D:7      | Found a shimmering altar of Xom.
  5044 | D:8      | Noticed Blork the orc
  5052 | D:8      | Killed Blork the orc
  5120 | D:8      | Noticed Grum
  5122 | D:8      | Reached skill level 15 in Axes
  5123 | D:8      | Noticed Erica
  5133 | D:8      | Killed Erica
  5133 | D:8      | Reached XP level 10. HP: 60/78 MP: 9/9
  5134 | D:8      | Reached skill level 16 in Axes
  5139 | D:8      | Killed Grum
  5140 | D:8      | Reached ***** piety under Trog
  6525 | D:8      | Noticed Joseph
  6536 | D:8      | Killed Joseph
  6876 | D:9      | Noticed Erolcha
  6890 | D:9      | Killed Erolcha
  6926 | D:9      | Noticed a salamander stormcaller
  6942 | D:9      | Killed a salamander stormcaller
  6942 | D:9      | Reached skill level 5 in Fighting
  6942 | D:9      | Reached skill level 17 in Axes
  6942 | D:9      | Reached skill level 5 in Armour
  7033 | D:9      | Found a white marble altar of Elyvilon.
  7571 | D:9      | Found a stormy altar of Qazlal.
  7711 | D:9      | Reached XP level 11. HP: 81/89 MP: 10/10
  7751 | D:10     | Entered Level 10 of the Dungeon
  8842 | D:11     | Noticed a hill giant
  8850 | D:11     | Received a gift from Trog
  8857 | D:11     | Killed a hill giant
  9330 | D:11     | Noticed a red ugly thing
  9332 | D:11     | Noticed a white ugly thing
  9337 | D:11     | Killed a red ugly thing
  9339 | D:11     | Killed a white ugly thing
  9409 | D:11     | Noticed Psyche
  9427 | D:11     | Killed Psyche
  9427 | D:11     | Reached skill level 18 in Axes
  9865 | D:11     | Found a staircase to the Lair.
  9929 | Lair:1   | Entered Level 1 of the Lair of Beasts
  9929 | Lair:1   | Noticed an oklob plant
  9947 | Lair:1   | Killed an oklob plant
 10132 | Lair:1   | Got a pitted golden ring
 10155 | Lair:1   | Identified the ring of the Dolphin {rElec rF+++ rC+ Int-3 SInv} (You found it on level 1 of the Lair of Beasts)
 10282 | Lair:1   | Reached XP level 12. HP: 89/104 MP: 11/11
 10674 | Lair:1   | Received a gift from Trog
 11465 | Lair:2   | Reached skill level 5 in Shields
 12033 | Lair:3   | Noticed Urug
 12070 | Lair:3   | Killed Urug
 12237 | Lair:3   | Reached skill level 10 in Fighting
 12665 | Lair:3   | Noticed an eight-headed hydra
 12846 | Lair:3   | Killed a 13-headed hydra
 13044 | Lair:3   | Reached skill level 10 in Armour
 13065 | Lair:3   | Noticed a queen ant
 13094 | Lair:3   | Killed a queen ant
 13161 | Lair:3   | Received a gift from Trog
 13298 | Lair:3   | Reached skill level 5 in Throwing
 13326 | Lair:3   | Noticed Maud
 13342 | Lair:3   | Killed Maud
 13342 | Lair:3   | Reached skill level 19 in Axes
 13758 | Lair:4   | Got a pitted hand axe
 13875 | Lair:4   | Noticed a catoblepas
 13883 | Lair:4   | Killed a catoblepas
 14441 | Lair:5   | Reached XP level 13. HP: 98/114 MP: 12/12
 14844 | Lair:5   | Identified a +3 rod of inaccuracy (13/13) (You found it on level 5 of the Lair of Beasts)
 15941 | Lair:6   | Received a gift from Trog
 16223 | Lair:6   | Found a staircase to the Shoals.
 16249 | Lair:6   | Found a runed door.
 16249 | Lair:6   | Found a viscous altar of Jiyva.
 16249 | Lair:6   | Found a staircase to the Slime Pits.
 16459 | Lair:6   | Found a hole to the Spider Nest.
 16814 | Lair:7   | Noticed Josephine
 16826 | Lair:7   | Killed Josephine
 17159 | Lair:7   | Received a gift from Trog
 17188 | Lair:7   | Reached skill level 20 in Axes
 17541 | Lair:8   | Entered Level 8 of the Lair of Beasts
 17712 | Lair:8   | Reached ****** piety under Trog
 17829 | Lair:8   | Received a gift from Trog
 18264 | Lair:8   | Got a scintillating steel ring
 18280 | Lair:8   | Identified the ring "Teewnoiz" {+Fly rN+ MP+9 Str-4 Dex+4} (You found it on level 8 of the Lair of Beasts)
 18395 | Lair:8   | Reached XP level 14. HP: 73/126 MP: 13/13
 18930 | Lair:8   | Identified the Volume of Moulding and Talismans (You found it on level 8 of the Lair of Beasts)
 19063 | Spider:1 | Entered Level 1 of the Spider Nest
 19673 | D:12     | Noticed Snorg
 19681 | D:12     | Killed Snorg
 19681 | D:12     | Reached skill level 10 in Shields
 19697 | D:12     | Received a gift from Trog
 19764 | D:12     | Found a staircase to the Orcish Mines.
 19945 | Orc:1    | Entered Level 1 of the Orcish Mines
 19951 | Orc:1    | Noticed an orc warlord
 20294 | D:13     | Received a gift from Trog
 20583 | D:13     | Found a gate to the Vaults.
 20804 | D:13     | Received a gift from Trog
 21140 | D:14     | Found a frozen archway.
 21153 | IceCv    | Entered an ice cave
 21340 | IceCv    | Received a gift from Trog
 21340 | IceCv    | Reached XP level 15. HP: 92/136 MP: 14/14
 21765 | D:14     | Reached skill level 21 in Axes
 21782 | D:14     | Gained mutation: Your flesh is heat resistant. [mutagenic meat]
 21783 | D:14     | Gained mutation: You evolve. [mutagenic meat]
 21784 | D:14     | Gained mutation: You are partially covered in yellow scales (AC +2). [mutagenic meat]
 21785 | D:14     | Gained mutation: You have sharp toenails. [mutagenic meat]
 21902 | D:14     | Identified Siger's Almanac of Evil Arts and Calling
 21993 | D:15     | Entered Level 15 of the Dungeon
 22245 | D:15     | Gained mutation: Your spells are a little harder to cast, but a little more powerful. [evolution]
 22263 | D:15     | Got a pair of slimy gloves
 22274 | D:15     | Identified the +2 pair of gloves of Terror {rElec rN+ rCorr} (You found it on level 15 of the Dungeon)
 22723 | D:15     | Killed from afar by a manticore

Skill      XL: |  1  2  3  4  5  6  7  8  9 10 11 12 13 14 15 |
---------------+----------------------------------------------+-----
Axes           | 4 5 6 7 8 11 13 15 17 18 19 20 21 | 21.1
Shields        | 1 4 6 9 11 12 | 12.0
Armour         | 5 8 10 11 13 | 13.8
Fighting       | 6 9 10 12 13 14 | 14.2
Throwing       | 5 |  5.0
Dodging        | |  2.1

Action                   |  1- 3 |  4- 6 |  7- 9 | 10-12 | 13-15 || total
-------------------------+-------+-------+-------+-------+-------++-------
Melee: Hand axe          |    68 |   174 |   119 |       |       ||   361
       Headbutt          |    10 |    29 |    44 |   206 |   248 ||   537
       War axe           |       |       |    81 |   835 |   330 ||  1246
       Battleaxe         |       |       |       |     6 |       ||     6
       Broad axe         |       |       |       |       |   658 ||   658
       Morningstar       |       |       |       |       |    14 ||    14
Throw: Tomahawk          |       |       |       |    72 |   142 ||   214
       Javelin           |       |       |       |    38 |    70 ||   108
       Throwing net      |       |       |       |       |     3 ||     3
Invok: Berserk           |     1 |     1 |     4 |    12 |     4 ||    22
       Trog's Hand       |       |       |     2 |     2 |     6 ||    10
       Brothers in Arms  |       |       |     1 |     5 |     8 ||    14
Evoke: Wand              |       |       |     1 |    11 |       ||    12
  Use: Potion            |       |       |     1 |     1 |       ||     2
       Scroll            |       |       |       |     8 |     6 ||    14
 Stab: Paralysed         |       |       |       |     3 |       ||     3
       Distracted        |       |       |       |       |     1 ||     1
  Eat: Royal jelly       |       |     1 |       |       |     5 ||     6
       Chunk             |       |     5 |     3 |    25 |    26 ||    59
       Beef jerky        |       |       |     1 |     2 |       ||     3
       Meat ration       |       |       |     1 |     1 |       ||     2
       Fruit             |       |       |     3 |    11 |       ||    14
       Pizza             |       |       |       |     1 |     1 ||     2
Armor: Ring mail         |    20 |    56 |    46 |    74 |       ||   196
       Plate armour      |       |       |       |   207 |   470 ||   677
Dodge: Dodged            |    29 |    81 |    72 |   223 |   233 ||   638
Block: Buckler           |       |       |    19 |   123 |   166 ||   308
